| TOP OF THE 1ST |
|
Seattle Mariners batting - Pitching for Oakland Athletics : RHP Sean Hill
|
|
Pitching: RHP Sean Hill
|
|
|
Batting: LHB Dae-ik Yoon
|
0-0: Hit by Pitch
|
|
Batting: LHB John Zumbo
|
0-0: Foul Ball, location: 2F 0-1: Foul Ball, location: 2F 0-2: Ball 1-2: Ball 2-2: Foul Ball, location: 2F 2-2: Fly out, F9 (Flyball, 9S, EV 95.0 MPH)
|
|
Batting: SHB Floyd-William Goof
|
0-0: Ball 1-0: Foul Ball, location: 2F 1-1: Swinging Strike 1-2: Ball Dae-ik Yoon is caught stealing 2nd base 2-6 2-2: Strikes out swinging
|
| Top of the 1st over - 0 runs, 0 hits, 0 errors, 0 left on base; Seattle 0 - Oakland 0 |
| BOTTOM OF THE 1ST |
|
Oakland Athletics batting - Pitching for Seattle Mariners : RHP Bas Kooy
|
|
Pitching: RHP Bas Kooy
|
|
|
Batting: RHB Muneo Kawachi
|
0-0: Ball 1-0: Foul Ball, location: 2F 1-1: Ball 2-1: Ball 3-1: Fly out, F8 (Flyball, 78M, EV 79.4 MPH)
|
|
Batting: RHB Philip Jansen
|
0-0: Ball 1-0: Ground out 4-3 (Groundball, 4, EV 86.9 MPH)
|
|
Batting: LHB Nate Dean
|
0-0: Ball 1-0: Ground out 3-1 (Groundball, 34S, EV 86.3 MPH)
|
| Bottom of the 1st over - 0 runs, 0 hits, 0 errors, 0 left on base; Seattle 0 - Oakland 0 |
| TOP OF THE 2ND |
|
Seattle Mariners batting - Pitching for Oakland Athletics : RHP Sean Hill
|
|
Batting: SHB Tze-meng Gan
|
0-0: Called Strike 0-1: Ball 1-1: Foul Ball, location: 2F 1-2: Ball 2-2: Fly out, F3 (Popup, 3SF, EV 84.4 MPH)
|
|
Batting: LHB Bi-jun Chien
|
0-0: Called Strike 0-1: Foul Ball, location: 2F 0-2: Ball 1-2: Ball 2-2: Ground out 3-1 (Groundball, 3L, EV 106.9 MPH)
|
|
Batting: RHB Jose Vasquez
|
0-0: Ball 1-0: SINGLE (Line Drive, 78S, EV 105.0 MPH)
|
|
Batting: RHB Steve Bartman Jr.
|
0-0: Ball 1-0: Fly out, F3 (Popup, 3SF, EV 73.8 MPH)
|
| Top of the 2nd over - 0 runs, 1 hit, 0 errors, 1 left on base; Seattle 0 - Oakland 0 |
| BOTTOM OF THE 2ND |
|
Oakland Athletics batting - Pitching for Seattle Mariners : RHP Bas Kooy
|
|
Batting: LHB Sakae Kasahara
|
0-0: Swinging Strike 0-1: Called Strike 0-2: Foul Ball, location: 2F 0-2: Ball 1-2: Fly out, F6 (Flyball, 4MD, EV 86.3 MPH)
|
|
Batting: SHB Robert Handy
|
0-0: Ball 1-0: Swinging Strike 1-1: Called Strike 1-2: Ball 2-2: Strikes out looking
|
|
Batting: LHB George Leary
|
0-0: Ball 1-0: Ball 2-0: Ball 3-0: Called Strike 3-1: Fly out, F7 (Flyball, 7LS, EV 88.8 MPH)
|
| Bottom of the 2nd over - 0 runs, 0 hits, 0 errors, 0 left on base; Seattle 0 - Oakland 0 |
| TOP OF THE 3RD |
|
Seattle Mariners batting - Pitching for Oakland Athletics : RHP Sean Hill
|
|
Batting: RHB Young-kwang Ohnn
|
0-0: Called Strike 0-1: Ball 1-1: Ball 2-1: DOUBLE (Flyball, 89XD, EV 100.0 MPH)
|
|
Batting: RHB Corey Ottinger
|
0-0: Called Strike 0-1: Ball 1-1: Swinging Strike 1-2: Strikes out swinging
|
|
Batting: LHB Dae-ik Yoon
|
0-0: Ball 1-0: Ball 2-0: Ball 3-0: Called Strike 3-1: Swinging Strike 3-2: Ground out 5-3 (Groundball, 5L, EV 81.9 MPH)
|
|
Batting: LHB John Zumbo
|
0-0: Called Strike 0-1: Ball 1-1: Foul Ball, location: 2F 1-2: Ball 2-2: Foul Ball, location: 2F 2-2: 2-RUN HOME RUN (Flyball, 9D, EV 102.5 MPH), Distance : 411 ft
|
|
Batting: SHB Floyd-William Goof
|
0-0: Ball 1-0: Called Strike 1-1: Fly out, F9 (Flyball, 9, EV 87.5 MPH)
|
| Top of the 3rd over - 2 runs, 2 hits, 0 errors, 0 left on base; Seattle 2 - Oakland 0 |
| BOTTOM OF THE 3RD |
|
Oakland Athletics batting - Pitching for Seattle Mariners : RHP Bas Kooy
|
|
Batting: RHB Sébastien Piat
|
0-0: Ball 1-0: Fly out, F7 (Flyball, 78S, EV 84.4 MPH)
|
|
Batting: SHB Ryan Langlois
|
0-0: Called Strike 0-1: Foul Ball, location: 2F 0-2: Foul Ball, location: 2F 0-2: Ball 1-2: SINGLE (Groundball, 4MD, EV 105.6 MPH)
|
|
Batting: RHB Danny Murillo
|
0-0: Foul Ball, location: 2F 0-1: Ball 1-1: Called Strike 1-2: Fly out, F7 (Flyball, 7LD, EV 90.0 MPH)
|
|
Batting: RHB Muneo Kawachi
|
0-0: Fielders Choice at 2nd, 6-4 (Groundball, 6, EV 106.3 MPH)
|
| Bottom of the 3rd over - 0 runs, 1 hit, 0 errors, 1 left on base; Seattle 2 - Oakland 0 |
| TOP OF THE 4TH |
|
Seattle Mariners batting - Pitching for Oakland Athletics : RHP Sean Hill
|
|
Batting: SHB Tze-meng Gan
|
0-0: Swinging Strike 0-1: Ball 1-1: Ground out 4-3 (Groundball, 4, EV 92.5 MPH)
|
|
Batting: LHB Bi-jun Chien
|
0-0: Foul Ball, location: 2F 0-1: Ball 1-1: Swinging Strike 1-2: Ball 2-2: Ball 3-2: Strikes out swinging
|
|
Batting: RHB Jose Vasquez
|
0-0: Fly out, F8 (Flyball, BS6, EV 91.9 MPH)
|
| Top of the 4th over - 0 runs, 0 hits, 0 errors, 0 left on base; Seattle 2 - Oakland 0 |
| BOTTOM OF THE 4TH |
|
Oakland Athletics batting - Pitching for Seattle Mariners : RHP Bas Kooy
|
|
Batting: RHB Philip Jansen
|
0-0: Ball 1-0: Foul Ball, location: 2F 1-1: Fly out, F9 (Flyball, 89M, EV 87.5 MPH)
|
|
Batting: LHB Nate Dean
|
0-0: Fly out, F8 (Flyball, 8LM, EV 84.4 MPH)
|
|
Batting: LHB Sakae Kasahara
|
0-0: Called Strike 0-1: Swinging Strike 0-2: Ball 1-2: Foul Ball, location: 2F 1-2: Strikes out swinging
|
| Bottom of the 4th over - 0 runs, 0 hits, 0 errors, 0 left on base; Seattle 2 - Oakland 0 |
| TOP OF THE 5TH |
|
Seattle Mariners batting - Pitching for Oakland Athletics : RHP Sean Hill
|
|
Batting: RHB Steve Bartman Jr.
|
0-0: Foul Ball, location: 2F 0-1: Called Strike 0-2: Ball 1-2: Ball 2-2: Foul Ball, location: 2F 2-2: SINGLE (Line Drive, 6D, EV 96.9 MPH)
|
|
Batting: RHB Young-kwang Ohnn
|
0-0: Called Strike 0-1: Ball 1-1: Grounds into double play, 5-4-3 (Groundball, 56, EV 88.8 MPH)
|
|
Batting: RHB Corey Ottinger
|
0-0: Called Strike 0-1: Ball 1-1: Called Strike 1-2: Ball 2-2: Strikes out swinging
|
| Top of the 5th over - 0 runs, 1 hit, 0 errors, 0 left on base; Seattle 2 - Oakland 0 |
| BOTTOM OF THE 5TH |
|
Oakland Athletics batting - Pitching for Seattle Mariners : RHP Bas Kooy
|
|
Batting: SHB Robert Handy
|
0-0: Foul Ball, location: 2F 0-1: Ball 1-1: Fly out, F7 (Flyball, 7D, EV 106.9 MPH)
|
|
Batting: LHB George Leary
|
0-0: Foul Ball, location: 2F 0-1: Ground out 4-3 (Groundball, 4, EV 101.9 MPH)
|
|
Batting: RHB Sébastien Piat
|
0-0: Ground out U3 (Groundball, 34, EV 80.6 MPH)
|
| Bottom of the 5th over - 0 runs, 0 hits, 0 errors, 0 left on base; Seattle 2 - Oakland 0 |
| TOP OF THE 6TH |
|
Seattle Mariners batting - Pitching for Oakland Athletics : RHP Sean Hill
|
|
Batting: LHB Dae-ik Yoon
|
0-0: Called Strike 0-1: Ball 1-1: Called Strike 1-2: Ball 2-2: Ball 3-2: Foul Ball, location: 2F 3-2: Ground out 6-3 (Groundball, 6S, EV 89.4 MPH)
|
|
Batting: LHB John Zumbo
|
0-0: Called Strike 0-1: Ball 1-1: Foul Ball, location: 2F 1-2: Strikes out looking
|
|
Batting: SHB Floyd-William Goof
|
0-0: Called Strike 0-1: Ball 1-1: Ground out 6-3 (Groundball, 6, EV 81.3 MPH)
|
| Top of the 6th over - 0 runs, 0 hits, 0 errors, 0 left on base; Seattle 2 - Oakland 0 |
| BOTTOM OF THE 6TH |
|
Oakland Athletics batting - Pitching for Seattle Mariners : RHP Bas Kooy
|
|
Batting: SHB Ryan Langlois
|
0-0: Called Strike 0-1: Foul Ball, location: 2F 0-2: Ball 1-2: Ball 2-2: Ball 3-2: Fly out, F8 (Flyball, 8RD, EV 91.9 MPH)
|
|
Batting: RHB Danny Murillo
|
0-0: Called Strike 0-1: Ball 1-1: Foul Ball, location: 2F 1-2: Ball 2-2: Ball 3-2: Foul Ball, location: 2F 3-2: Strikes out swinging
|
|
Batting: RHB Muneo Kawachi
|
0-0: Fly out, F7 (Line Drive, 7, EV 107.5 MPH)
|
| Bottom of the 6th over - 0 runs, 0 hits, 0 errors, 0 left on base; Seattle 2 - Oakland 0 |
| TOP OF THE 7TH |
|
Seattle Mariners batting - Pitching for Oakland Athletics : RHP Sean Hill
|
|
Batting: SHB Tze-meng Gan
|
0-0: Ball 1-0: Fly out, F9 (Flyball, 9D, EV 95.6 MPH)
|
|
Batting: LHB Bi-jun Chien
|
0-0: Ground out 5-3 (Groundball, 56, EV 88.1 MPH)
|
|
Batting: RHB Jose Vasquez
|
0-0: Ball 1-0: Foul Ball, location: 2F 1-1: Foul Ball, location: 2F 1-2: Ball 2-2: Ground out 6-3 (Groundball, 56, EV 93.8 MPH)
|
| Top of the 7th over - 0 runs, 0 hits, 0 errors, 0 left on base; Seattle 2 - Oakland 0 |
| BOTTOM OF THE 7TH |
|
Oakland Athletics batting - Pitching for Seattle Mariners : RHP Bas Kooy
|
|
Batting: RHB Philip Jansen
|
0-0: SINGLE (Groundball, 6MD, EV 105.0 MPH)
|
|
Batting: LHB Nate Dean
|
0-0: Ball 1-0: Called Strike 1-1: Swinging Strike 1-2: Strikes out looking
|
|
Batting: LHB Sakae Kasahara
|
0-0: Ball Philip Jansen is caught stealing 2nd base 2-6 1-0: Foul Ball, location: 2F 1-1: Ball 2-1: Ground out 4-3 (Groundball, 4D, EV 84.4 MPH)
|
| Bottom of the 7th over - 0 runs, 1 hit, 0 errors, 0 left on base; Seattle 2 - Oakland 0 |
| TOP OF THE 8TH |
|
Seattle Mariners batting - Pitching for Oakland Athletics : RHP Sean Hill
|
|
Batting: RHB Steve Bartman Jr.
|
0-0: Ball 1-0: Foul Ball, location: 2F 1-1: SINGLE (Groundball, 6D, EV 103.8 MPH)
|
|
Batting: RHB Young-kwang Ohnn
|
0-0: Called Strike 0-1: SINGLE (Groundball, 6MD, EV 108.1 MPH) (infield hit) Steve Bartman Jr. to second
|
|
Batting: RHB Corey Ottinger
|
0-0: Ball 1-0: Ball 2-0: SINGLE (Line Drive, 89S, EV 105.6 MPH) Steve Bartman Jr. to third Young-kwang Ohnn to second Runner from 3rd tries for Home, SAFE, throw by CF to home
|
|
Pitching: RHP John Owens
|
|
|
Batting: LHB Dae-ik Yoon
|
0-0: Bunted foul 0-1: Bunted foul 0-2: Ball 1-2: Ball 2-2: Foul Ball, location: 2F 2-2: Foul Ball, location: 2F 2-2: Foul Ball, location: 2F 2-2: SINGLE (Groundball, 6M, EV 95.0 MPH) (infield hit) Young-kwang Ohnn to third Corey Ottinger to second
|
|
Batting: LHB John Zumbo
|
0-0: Ball 1-0: Ball 2-0: Called Strike 2-1: Foul Ball, location: 2F 2-2: Foul Ball, location: 2F 2-2: Ball 3-2: Grounds into double play, 4-2-3 (Groundball, 4, EV 78.1 MPH) Corey Ottinger to third Dae-ik Yoon to second
|
|
Batting: SHB Floyd-William Goof
|
0-0: Ball 1-0: Ground out 4-3 (Groundball, 4, EV 101.9 MPH)
|
| Top of the 8th over - 1 run, 4 hits, 0 errors, 2 left on base; Seattle 3 - Oakland 0 |
| BOTTOM OF THE 8TH |
|
Oakland Athletics batting - Pitching for Seattle Mariners : RHP Bas Kooy
|
|
Batting: SHB Robert Handy
|
0-0: Ground out 4-3 (Groundball, 4, EV 101.3 MPH)
|
|
Batting: LHB George Leary
|
0-0: Called Strike 0-1: Ball 1-1: Fly out, F6 (Popup, 6, EV 59.4 MPH)
|
|
Batting: RHB Sébastien Piat
|
0-0: Ball 1-0: Ball 2-0: Called Strike 2-1: SOLO HOME RUN (Flyball, 7LD, EV 95.6 MPH), Distance : 356 ft
|
|
Batting: SHB Ryan Langlois
|
0-0: Called Strike 0-1: DOUBLE (Groundball, 3L, EV 108.8 MPH)
|
|
Batting: RHB Danny Murillo
|
0-0: Ball 1-0: Ground out 5-3 (Groundball, 56, EV 94.4 MPH)
|
| Bottom of the 8th over - 1 run, 2 hits, 0 errors, 1 left on base; Seattle 3 - Oakland 1 |
| TOP OF THE 9TH |
|
Seattle Mariners batting - Pitching for Oakland Athletics : RHP John Owens
|
|
Pitching: RHP Kyle Ehret
|
|
|
Batting: SHB Tze-meng Gan
|
0-0: Called Strike 0-1: Fly out, F9 (Flyball, 89M, EV 82.5 MPH)
|
|
Batting: LHB Bi-jun Chien
|
0-0: Hit by Pitch
|
|
Batting: RHB Jose Vasquez
|
0-0: Called Strike Bi-jun Chien steals 2nd base 0-1: 2-RUN HOME RUN (Flyball, 7LD, EV 89.4 MPH), Distance : 338 ft
|
|
Batting: RHB Steve Bartman Jr.
|
0-0: Ball 1-0: Ball 2-0: Foul Ball, location: 2F 2-1: SINGLE (Groundball, 56S, EV 71.3 MPH) (infield hit)
|
|
Batting: RHB Young-kwang Ohnn
|
0-0: Called Strike 0-1: SINGLE (Groundball, 56S, EV 68.8 MPH) (infield hit) Steve Bartman Jr. to second
|
|
Batting: RHB Corey Ottinger
|
0-0: Ball 1-0: Ball 2-0: Ball 3-0: Called Strike 3-1: SINGLE (Line Drive, 9S, EV 96.9 MPH) Steve Bartman Jr. to third Young-kwang Ohnn to second
|
|
Batting: LHB Dae-ik Yoon
|
0-0: Fly out, F9 (Line Drive, 9D, EV 100.0 MPH) Runner from 3rd tags up, SCORES, no throw by RF Young-kwang Ohnn to third
|
|
Batting: LHB John Zumbo
|
0-0: Called Strike 0-1: 3-RUN HOME RUN (Flyball, 9D, EV 96.3 MPH), Distance : 374 ft
|
|
Pitching: LHP Bobby Storey
|
|
|
Batting: SHB Floyd-William Goof
|
0-0: Ground out 4-3 (Groundball, 4, EV 79.4 MPH)
|
| Top of the 9th over - 6 runs, 5 hits, 0 errors, 0 left on base; Seattle 9 - Oakland 1 |
| BOTTOM OF THE 9TH |
|
Oakland Athletics batting - Pitching for Seattle Mariners : RHP Bas Kooy
|
|
Batting: RHB Muneo Kawachi
|
0-0: Called Strike 0-1: Ball 1-1: Ball 2-1: Fly out, F9 (Line Drive, 9, EV 91.9 MPH)
|
|
Batting: RHB Philip Jansen
|
0-0: Ball 1-0: Called Strike 1-1: Swinging Strike 1-2: Ball 2-2: Strikes out looking
|
|
Batting: LHB Nate Dean
|
0-0: Ground out 4-3 (Groundball, 4, EV 86.9 MPH)
|
| Bottom of the 9th over - 0 runs, 0 hits, 0 errors, 0 left on base; Seattle 9 - Oakland 1 |
|